 Dungeon Crawl Stone Soup version 0.29.0-4-gdea44cf6ec (webtiles) character file.

Game seed: 5482000792908042345

118620 qw the Brawler (level 16, -8/152 HPs)
             Began as a Troll Cinder Acolyte on Aug 31, 2022.
             Was an Elder of Okawaru.
             Mangled by a culicivora (11 damage)
             ... on level 1 of the Spider Nest.
             The game lasted 00:12:58 (21709 turns).

qw the Brawler (Troll Cinder Acolyte)              Turns: 21709, Time: 00:12:58

Health: -8/152     AC: 11    Str: 38    XL:     16   Next: 25%
Magic:  22/22      EV:  9    Int: 13    God:    Okawaru [****..]
Gold:   833        SH: 20    Dex:  5    Spells: 17/17 levels left

rFire   + + .      SeeInvis +     - Unarmed
rCold   + + .      Faith    .   t - +3 kite shield of Classification {rC++ Int+3 Slay-6 SInv}
rNeg    . . .      Spirit   .   y - +0 fire dragon scales
rPois   +          Reflect  +   r - +2 hat {Int+3}
rElec   .          Harm     .   A - +2 cloak of Protective Custody {rCorr Str+6 Int-3}
rCorr   +          Rampage  .   (gloves unavailable)
Will    +....                   (boots unavailable)
Stlth   +.........              w - amulet of reflection
HPRegen 1.15/turn               u - ring of poison resistance
MPRegen 0.18/turn               v - ring "Iriapt" {Wiz rC+ rCorr Slay+3}

@: lethally poisoned (-8 -> -12), about to teleport, heroic, corroded
A: large, unfitting armour, claws 3, regeneration 1, shaggy fur 1, tough skin 1
a: Renounce Religion, Heroism, Finesse


You were on level 1 of the Spider Nest.
You worshipped Okawaru.
Okawaru was greatly pleased with you.
You visited 4 branches of the dungeon, and saw 23 of its levels.

You collected 3275 gold pieces.
You spent 2442 gold pieces at shops.


Innate Abilities, Weirdness & Mutations

You are too large for most types of armour.
You have claws for hands.
Your natural rate of healing is unusually fast.
You are covered in fur. (AC +1)
You have tough skin. (AC +1)


   Skills:
 - Level 8.0(13.0) Fighting
 - Level 8.0(13.0) Throwing
 - Level 5.0(10.0) Armour
 - Level 2.2(7.2) Dodging
 - Level 12.0(17.0) Shields
 + Level 18.8(23.8) Unarmed Combat
 - Level 1.0 Spellcasting
 - Level 2.1 Fire Magic
 - Level 10.0 Invocations


You had 17 spell levels left.
You didn't know any spells.
Your spell library contained the following spells:

 Spells                   Type           Power      Damage    Failure   Level
 Scorch                   Fire           12%        2d5       17%         2

Inventory:

Missiles
 d - 10 javelins
 h - 21 boomerangs
 j - 15 large rocks (quivered)
 q - 4 boomerangs of dispersal
Armour
 a - +4 acid dragon scales
 m - the +4 cloak of Greed {*Corrode +Inv Int+9 SInv}
   (You found it on level 13 of the Dungeon)

   Int:       It affects your intelligence (+9).
   SInv:      It lets you see invisible.
   +Inv:      It lets you turn invisible.
   *Corrode:  It may corrode you when you take damage.
 r - a +2 hat of intelligence (worn)
 t - the +3 kite shield of Classification (worn) {rC++ Int+3 Slay-6 SInv}
   (You found it on level 10 of the Dungeon)

   Int:       It affects your intelligence (+3).
   Slay:      It affects your accuracy & damage with ranged weapons and melee
   (-6).
   rC:        It greatly protects you from cold.
   SInv:      It lets you see invisible.
 y - +0 fire dragon scales (worn)
 A - the +2 cloak of Protective Custody (worn) {rCorr Str+6 Int-3}
   (You bought it in a shop on level 2 of the Orcish Mines)

   Str:       It affects your strength (+6).
   Int:       It affects your intelligence (-3).
   rCorr:     It protects you from acid and corrosion.
Jewellery
 n - a ring of fire
 o - a ring of poison resistance
 u - a ring of poison resistance (left claw)
 v - the ring "Iriapt" (right claw) {Wiz rC+ rCorr Slay+3}
   (You acquired it on level 11 of the Dungeon)

   [ring of wizardry]

   It improves your spell success rate.
   Slay:      It affects your accuracy & damage with ranged weapons and melee
   (+3).
   rC:        It protects you from cold.
   rCorr:     It protects you from acid and corrosion.
 w - an amulet of reflection (around neck)
 z - a +6 ring of strength
 Y - a +4 ring of protection
Scrolls
 e - a scroll of brand weapon
 f - 4 scrolls of enchant weapon
 k - 6 scrolls of identify
 x - a scroll of teleportation
Potions
 b - 2 potions of resistance
 c - 3 potions of mutation
 i - 7 potions of curing
 l - 4 potions of magic
 s - a potion of cancellation

Dungeon Overview and Level Annotations

Branches:
Dungeon (15/15)            Temple (0/1) D:5            Lair (5/5) D:9
  Swamp (0/4) Lair:3       Spider (1/4) Lair:3        Slime (0/5) Lair:4
    Orc (2/2) D:11            Elf (0/3) Orc:2        Vaults (0/5) D:13
 Depths (0/4) D:15

Altars:
Ashenzari
Elyvilon
Fedhas
Hepliaklqana
Makhleb
Okawaru
Qazlal
Ru
Uskayaw
Xom
Zin
Jiyva

Shops:
D:9 (   D:11 *   D:15 =   Orc:2 ([*[[

Portals:
Hell: Lair:5

Annotations:
D:9 3 runed translucent doors, qw's ghost, novice TrCA


Message History

The redback bites you.
You block the entropy weaver's attack. x3
The entropy weaver barely misses you.
You eviscerate the entropy weaver!!!
You kill the entropy weaver!
Okawaru accepts your kill.
You feel very sick.
A jumping spider comes into view.
The wolf spider hits you. You block the wolf spider's attack.
You block the jumping spider's attack. The jumping spider bites you.
The redback bites you.
The jumping spider's many legs skitter faintly.
You claw the wolf spider!
The wolf spider is moderately wounded.
You feel very sick. The jumping spider pounces on you.
The jumping spider completely misses you.
The wolf spider barely misses you. x2; The culicivora bites you!
The culicivora draws strength from your injuries!
You block the redback's attack.
21708 ||| READING 2 scrolls of teleportation.
As you read the scroll of teleportation, it crumbles to dust.
You feel strangely unstable.
You feel very sick. You block the wolf spider's attack.
The wolf spider barely misses you. The jumping spider pounces on you!
You block the jumping spider's attack.
The wolf spider is healed somewhat.
The redback bites you. You block the jumping spider's attack.
The jumping spider bites you but does no damage.
A steelbarb worm comes into view.
The wolf spider hits you but does no damage.
The wolf spider bites you!
21709 ||| DRINKING potion of heal wounds.
You feel much better.
You feel very sick. The culicivora bites you!
The culicivora draws strength from your injuries!
You block the redback's attack.
The jumping spider leaps!
The wolf spider hits you! The wolf spider closely misses you.
The jumping spider leaps!
The culicivora bites you!
You die...

#............#
..#.....#...####
..#########....# .
w...0#.#..^....## .#
..0...##.......# ...
....^#.##....# ...^
##...###...### ...#
##...ss.##....#...##.
#s..0@s$.##..........
#######.......#....$.
..((..s/!...#.# ..##.
.........#..### ..#
######...#....# ..#
...#.#....# ##
....(####...# #..#.
..^.# ####. ..###


You could see a steelbarb worm, a wolf spider, a culicivora, a jumping spider
and a redback.

Vanquished Creatures
  Gastronok (Lair:1)
  Kirke (D:14)
  An entropy weaver (Spider:1)
  A fire dragon (D:13)
  Josephine (D:12)
  14 hydras
  4 boulder beetles
  2 catoblepae
  4 centaur warriors
  An ogre mage (D:13)
  5 two-headed ogres
  Urug (Lair:3)
  4 tengu warriors
  4 orc high priests
  A sun demon (Lair:5)
  A pharaoh ant (Spider:1)
  A skeletal warrior (D:13)
  2 orb spiders
  Lodul (D:12)
  2 deep trolls (D:15)
  A steelbarb worm (Spider:1)
  2 bog bodies (Lair:3)
  2 wizards
  6 ugly things
  6 orc knights
  2 necromancers
  2 deep elf pyromancers
  7 orc sorcerers
  5 manticores
  4 cyclopes
  4 wolf spiders (Spider:1)
  4 black mambas
  A moth of wrath (Spider:1)
  22 elephants
  2 torpor snails (Lair:5)
  2 orange demons (Lair:5)
  Maggie (D:7)
  A rime drake (Lair:5)
  9 cane toads
  An unseen horror (D:11)
  6 komodo dragons
  2 ice devils (Lair:5)
  A freezing wraith (D:14)
  8 trolls
  A hellwing (Lair:5)
  2 red devils (Lair:5)
  A polar bear (Lair:5)
  A merfolk (shapeshifter) (D:15)
  3 meliai (D:14)
  Prince Ribbit (D:5)
  3 tarantellas (Spider:1)
  7 blink frogs
  A hornet (D:8)
  A slime creature (D:13)
  3 culicivoras (Spider:1)
  2 vampires
  Sigmund (D:5)
  6 wraiths (D:12)
  3 wyverns
  40 yaks
  4 shadows
  5 hogs (D:14)
  A human (D:14)
  6 basilisks
  8 fire elementals (Lair:3)
  3 steam dragons
  10 vampire mosquitoes
  3 redbacks (Spider:1)
  A redback simulacrum (D:15)
  2 swamp worms (Lair:3)
  15 water moccasins
  4 hell hounds (Lair:5)
  19 orc warriors
  A black bear (Lair:1)
  An ice beast (D:7)
  22 wolves
  16 ogres
  8 centaurs
  2 kobold brigands
  9 bullfrogs
  A gnoll sergeant (D:9)
  2 necrophages (D:8)
  A scorpion (D:6)
  21 killer bees
  A howler monkey (D:5)
  4 electric eels
  3 hounds
  A jelly (D:5)
  21 orc priests
  A gnoll bouda (D:10)
  An iguana (D:7)
  24 orc wizards
  6 hell rats (Lair:4)
  8 gnolls
  3 adders
  A white imp (D:6)
  3 worms
  2 dart slugs
  72 orcs
  5 ball pythons
  6 endoplasms
  4 giant cockroaches
  17 goblins
  4 hobgoblins
  3 quokkas
  5 bats (D:1)
  3 frilled lizards
  9 kobolds
  4 rats
  A butterfly (D:15)
606 creatures vanquished.

Vanquished Creatures (others)
  A wolf (D:9)
  A killer bee (D:9)
  20 fungi
  29 plants
51 creatures vanquished.

Grand Total: 657 creatures vanquished

Notes
Turn   | Place    | Note
-------+----------+-------------------------------------------
     0 | D:1      | qw the Troll Cinder Acolyte began the quest for the Orb.
     0 | D:1      | Reached XP level 1. HP: 22/22 MP: 1/1
     0 | D:1      | 0 ||| qw: Version: 0.1-a-97-g2dd2ca4
     0 | D:1      | 0 ||| qw: Game counter: 4633
     0 | D:1      | 0 ||| qw: Always use a shield: true
     0 | D:1      | 0 ||| qw: God list: Okawaru
     0 | D:1      | 0 ||| qw: Allow faded altars: false
     0 | D:1      | 0 ||| qw: Do Orc after D:15 true
     0 | D:1      | 0 ||| qw: Do second Lair branch before Depths: true
     0 | D:1      | 0 ||| qw: Lair rune preference: random
     0 | D:1      | 0 ||| qw: Plans: Normal
     0 | D:1      | 0 ||| PLANNING D:1-11
    37 | D:1      | 37 ||| Stepping ~*~*~tactically~*~*~ (stealth).
    50 | D:1      | 50 ||| Stepping ~*~*~tactically~*~*~ (stealth).
    54 | D:1      | 54 ||| Stepping ~*~*~tactically~*~*~ (stealth).
    83 | D:1      | 83 ||| Stepping ~*~*~tactically~*~*~ (outnumbered).
    84 | D:1      | 84 ||| Stepping ~*~*~tactically~*~*~ (outnumbered).
    85 | D:1      | 85 ||| Stepping ~*~*~tactically~*~*~ (outnumbered).
    86 | D:1      | 86 ||| Stepping ~*~*~tactically~*~*~ (outnumbered).
    91 | D:1      | Reached XP level 2. HP: 20/29 MP: 2/2
   221 | D:1      | 221 ||| Stepping ~*~*~tactically~*~*~ (hiding).
   222 | D:1      | 222 ||| Stepping ~*~*~tactically~*~*~ (hiding).
   240 | D:1      | Reached skill level 4 in Unarmed Combat
   441 | D:1      | Reached XP level 3. HP: 36/36 MP: 3/3
   457 | D:1      | 457 ||| Stepping ~*~*~tactically~*~*~ (stealth).
   793 | D:1      | 793 ||| UPGRADING to ring of protection from cold.
   794 | D:1      | 794 ||| READING scroll labelled ORCHAY WOSISCH.
   795 | D:1      | 795 ||| READING scroll labelled YTTYXI GIGUIQ.
   799 | D:1      | 799 ||| READING scroll labelled PYFAUCOISM.
   800 | D:1      | 800 ||| READING scroll labelled YLIQ JIXKUSTOKYDD.
  1088 | D:2      | 1088 ||| Stepping ~*~*~tactically~*~*~ (hiding).
  1386 | D:2      | 1386 ||| Stepping randomly (stuck).
  1894 | D:2      | 1894 ||| READING scroll labelled SOV EMPEUS EDEMIP.
  1958 | D:3      | Found a broken altar of Ashenzari.
  2155 | D:3      | 2155 ||| Stepping ~*~*~tactically~*~*~ (stealth).
  2267 | D:3      | Found a hazy altar of Hepliaklqana.
  2432 | D:3      | 2432 ||| Stepping ~*~*~tactically~*~*~ (stealth).
  2438 | D:3      | 2438 ||| Stepping ~*~*~tactically~*~*~ (stealth).
  2447 | D:3      | 2447 ||| Stepping ~*~*~tactically~*~*~ (stealth).
  2453 | D:3      | 2453 ||| Stepping ~*~*~tactically~*~*~ (stealth).
  2454 | D:3      | 2454 ||| Stepping ~*~*~tactically~*~*~ (stealth).
  2455 | D:3      | 2455 ||| Stepping ~*~*~tactically~*~*~ (stealth).
  2456 | D:3      | 2456 ||| Stepping ~*~*~tactically~*~*~ (stealth).
  2457 | D:3      | 2457 ||| Stepping ~*~*~tactically~*~*~ (stealth).
  2458 | D:3      | 2458 ||| Stepping ~*~*~tactically~*~*~ (stealth).
  2459 | D:3      | 2459 ||| Stepping ~*~*~tactically~*~*~ (stealth).
  2460 | D:3      | 2460 ||| Stepping ~*~*~tactically~*~*~ (stealth).
  2669 | D:3      | Reached skill level 5 in Unarmed Combat
  2669 | D:3      | Reached XP level 4. HP: 40/44 MP: 4/4
  2707 | D:3      | Found a faded altar of an unknown god.
  2725 | D:3      | 2725 ||| READING scroll labelled BIXAHA CAUFFOBE.
  2726 | D:3      | 2726 ||| DRINKING 3 purple potions.
  2766 | D:4      | 2766 ||| Stepping ~*~*~tactically~*~*~ (stealth).
  2974 | D:4      | Found a stormy altar of Qazlal.
  3482 | D:4      | 3482 ||| DROPPING orb of light.
  3483 | D:4      | 3483 ||| READING 2 scrolls labelled IJUL IPUSK.
  3523 | D:5      | Entered Level 5 of the Dungeon
  3527 | D:5      | 3527 ||| INVOKING Fiery Armour.
  3528 | D:5      | 3528 ||| FLEEEEING.
  3529 | D:5      | 3529 ||| FLEEEEING.
  3530 | D:5      | 3530 ||| FLEEEEING.
  3531 | D:5      | 3531 ||| STAIRDANCE
  3569 | D:5      | Reached XP level 5. HP: 47/50 MP: 5/5
  3570 | D:5      | Reached skill level 6 in Unarmed Combat
  3606 | D:5      | Found a staircase to the Ecumenical Temple.
  3805 | D:5      | Noticed Prince Ribbit
  3806 | D:5      | 3806 ||| Stepping ~*~*~tactically~*~*~ (stealth).
  3820 | D:5      | 3820 ||| INVOKING Fiery Armour.
  3821 | D:5      | HP: 12/50 [Prince Ribbit (3)]
  3822 | D:5      | 3822 ||| READING scroll of teleportation.
  3851 | D:5      | Killed Prince Ribbit
  3852 | D:5      | Reached skill level 7 in Unarmed Combat
  3852 | D:5      | Reached XP level 6. HP: 49/59 MP: 6/6
  4016 | D:5      | 4016 ||| Stepping ~*~*~tactically~*~*~ (hiding).
  4021 | D:5      | 4021 ||| INVOKING Fiery Armour.
  4027 | D:5      | Reached skill level 8 in Unarmed Combat
  4028 | D:5      | 4028 ||| Stepping ~*~*~tactically~*~*~ (stealth).
  4220 | D:5      | Noticed Sigmund
  4221 | D:5      | 4221 ||| INVOKING Fiery Armour.
  4226 | D:5      | Reached XP level 7. HP: 59/66 MP: 7/7
  4238 | D:5      | Killed Sigmund
  4239 | D:5      | Reached skill level 3 in Fighting
  4583 | D:5      | 4583 ||| READING scroll labelled DIAMUO QORCHUA.
  4584 | D:5      | 4584 ||| DRINKING 2 lumpy brown potions.
  4585 | D:5      | 4585 ||| READING 2 scrolls of identify.
  4585 | D:5      | 4585 ||| IDENTIFYING fuming pink potion
  4586 | D:5      | 4586 ||| DROPPING potion of flight.
  4692 | D:6      | 4692 ||| Stepping ~*~*~tactically~*~*~ (hiding).
  4694 | D:6      | 4694 ||| Stepping ~*~*~tactically~*~*~ (outnumbered).
  4850 | D:6      | 4850 ||| Stepping ~*~*~tactically~*~*~ (hiding).
  4860 | D:6      | Reached skill level 1 in Throwing
  5161 | D:6      | Reached XP level 8. HP: 69/78 MP: 8/8
  5188 | D:6      | Reached skill level 3 in Throwing
  5302 | D:6      | Reached skill level 9 in Unarmed Combat
  5362 | D:6      | 5362 ||| DROPPING orb of guile.
  5363 | D:6      | 5363 ||| UPGRADING to +0 steam dragon scales.
  5373 | D:6      | 5373 ||| DROPPING +0 robe.
  5374 | D:6      | 5374 ||| DRINKING 2 metallic sapphire potions.
  5375 | D:6      | 5375 ||| READING 2 scrolls of identify.
  5375 | D:6      | 5375 ||| IDENTIFYING bubbling silvery potion
  5376 | D:6      | 5376 ||| DROPPING potion of degeneration.
  5433 | D:7      | Noticed Maggie
  5440 | D:7      | 5440 ||| INVOKING Fiery Armour.
  5441 | D:7      | 5441 ||| Stepping ~*~*~tactically~*~*~ (outnumbered).
  5452 | D:7      | Killed Maggie
  5453 | D:7      | Reached skill level 3 in Armour
  5517 | D:7      | 5517 ||| Stepping ~*~*~tactically~*~*~ (stealth).
  5534 | D:7      | 5534 ||| Stepping ~*~*~tactically~*~*~ (stealth).
  5535 | D:7      | 5535 ||| Stepping ~*~*~tactically~*~*~ (stealth).
  5645 | D:7      | 5645 ||| INVOKING Fiery Armour.
  5656 | D:7      | HP: 16/78 [orc warrior/+0 halberd (19)]
  5657 | D:7      | 5657 ||| DRINKING potion of heal wounds.
  5661 | D:7      | HP: 9/78 [orc warrior/+0 halberd (6)]
  5666 | D:7      | HP: 5/78 [orc warrior/+0 halberd (8)]
  5667 | D:7      | Reached XP level 9. HP: 6/84 MP: 9/9
  5794 | D:7      | Reached skill level 10 in Unarmed Combat
  5881 | D:7      | 5881 ||| Stepping ~*~*~tactically~*~*~ (stealth).
  5893 | D:7      | Found a flagged portal.
  5936 | D:7      | Found a glowing silver altar of Zin.
  5939 | D:7      | Found an iron altar of Okawaru.
  5940 | D:7      | Found a shimmering altar of Xom.
  5957 | D:7      | 5957 ||| UPGRADING to +2 acid dragon scales.
  5967 | D:7      | 5967 ||| DROPPING +0 steam dragon scales.
  5968 | D:7      | 5968 ||| UPGRADING to ring of protection from cold.
  5969 | D:7      | 5969 ||| READING 2 scrolls labelled INTERH QEWULU.
  5970 | D:7      | 5970 ||| DROPPING scroll of blinking.
  6043 | D:8      | Noticed a two-headed ogre
  6049 | D:8      | 6049 ||| Stepping ~*~*~tactically~*~*~ (outnumbered).
  6051 | D:8      | 6051 ||| INVOKING Fiery Armour.
  6054 | D:8      | 6054 ||| Stepping ~*~*~tactically~*~*~ (outnumbered).
  6056 | D:8      | Killed a two-headed ogre
  6057 | D:8      | Reached skill level 11 in Unarmed Combat
  6077 | D:8      | You fall into a shaft and drop 2 floors!
  6077 | D:10     | Entered Level 10 of the Dungeon
  6081 | D:10     | 6081 ||| Stepping ~*~*~tactically~*~*~ (stealth).
  6084 | D:10     | 6084 ||| Stepping ~*~*~tactically~*~*~ (outnumbered).
  6085 | D:10     | 6085 ||| Stepping ~*~*~tactically~*~*~ (outnumbered).
  6086 | D:10     | 6086 ||| Stepping ~*~*~tactically~*~*~ (stealth).
  6087 | D:10     | 6087 ||| Stepping ~*~*~tactically~*~*~ (stealth).
  6088 | D:10     | 6088 ||| Stepping ~*~*~tactically~*~*~ (outnumbered).
  6089 | D:10     | 6089 ||| Stepping ~*~*~tactically~*~*~ (stealth).
  6090 | D:10     | 6090 ||| Stepping ~*~*~tactically~*~*~ (outnumbered).
  6091 | D:10     | 6091 ||| Stepping ~*~*~tactically~*~*~ (outnumbered).
  6092 | D:10     | 6092 ||| Stepping ~*~*~tactically~*~*~ (outnumbered).
  6093 | D:10     | 6093 ||| Stepping ~*~*~tactically~*~*~ (outnumbered).
  6096 | D:10     | 6096 ||| Stepping ~*~*~tactically~*~*~ (outnumbered).
  6098 | D:10     | 6098 ||| Stepping ~*~*~tactically~*~*~ (outnumbered).
  6099 | D:10     | 6099 ||| Stepping ~*~*~tactically~*~*~ (outnumbered).
  6100 | D:10     | 6100 ||| Stepping ~*~*~tactically~*~*~ (outnumbered).
  6101 | D:10     | 6101 ||| Stepping ~*~*~tactically~*~*~ (outnumbered).
  6102 | D:10     | 6102 ||| Stepping ~*~*~tactically~*~*~ (outnumbered).
  6103 | D:10     | 6103 ||| Stepping ~*~*~tactically~*~*~ (outnumbered).
  6104 | D:10     | 6104 ||| Stepping ~*~*~tactically~*~*~ (outnumbered).
  6105 | D:10     | 6105 ||| Stepping ~*~*~tactically~*~*~ (outnumbered).
  6109 | D:10     | 6109 ||| Stepping ~*~*~tactically~*~*~ (outnumbered).
  6110 | D:10     | 6110 ||| Stepping ~*~*~tactically~*~*~ (outnumbered).
  6111 | D:10     | 6111 ||| Stepping ~*~*~tactically~*~*~ (outnumbered).
  6115 | D:10     | Reached skill level 12 in Unarmed Combat
  6185 | D:10     | Identified the +3 kite shield of Classification {rC++ Int+3
                  | Slay-6 SInv}
  6189 | D:10     | 6189 ||| Stepping ~*~*~tactically~*~*~ (hiding).
  6190 | D:10     | 6190 ||| Stepping ~*~*~tactically~*~*~ (hiding).
  6197 | D:10     | Reached XP level 10. HP: 86/94 MP: 10/10
  6245 | D:10     | 6245 ||| UPGRADING to +3 kite shield of Classification
                  | {rC++ Int+3 Slay-6 SInv}.
  6250 | D:10     | 6250 ||| REMOVING ring of protection from cold.
  6251 | D:10     | 6251 ||| DROPPING ring of protection from cold.
  6252 | D:10     | 6252 ||| UPGRADING to +4 ring of protection.
  6253 | D:10     | 6253 ||| DROPPING ring of ice.
  6254 | D:10     | 6254 ||| UPGRADING to ring of poison resistance.
  6256 | D:10     | 6256 ||| UPGRADING to +4 ring of protection.
  6258 | D:10     | 6258 ||| READING scroll labelled HIMAIPL XOEP.
  6326 | D:10     | 6326 ||| INVOKING Fiery Armour.
  6331 | D:10     | Reached skill level 1 in Shields
  6333 | D:10     | HP: 22/94 [vampire mosquito (2)]
  6334 | D:10     | 6334 ||| DRINKING 2 potions of heal wounds.
  6341 | D:10     | Reached skill level 3 in Shields
  6395 | D:10     | 6395 ||| DRINKING 2 puce potions.
  6396 | D:10     | 6396 ||| DRINKING 3 ruby potions.
  6397 | D:10     | 6397 ||| READING 2 scrolls of identify.
  6397 | D:10     | 6397 ||| IDENTIFYING inky potion
  6398 | D:10     | 6398 ||| DROPPING 2 potions of attraction.
  6410 | D:9      | Found Myakhlai's Weapon Boutique.
  6439 | D:9      | 6439 ||| Stepping ~*~*~tactically~*~*~ (stealth).
  6445 | D:9      | 6445 ||| Stepping ~*~*~tactically~*~*~ (outnumbered).
  6450 | D:9      | 6450 ||| Stepping ~*~*~tactically~*~*~ (outnumbered).
  6485 | D:8      | 6485 ||| Stepping ~*~*~tactically~*~*~ (stealth).
  6487 | D:8      | 6487 ||| Stepping ~*~*~tactically~*~*~ (stealth).
  6651 | D:8      | Found a sacrificial altar of Ru.
  6663 | D:8      | 6663 ||| Stepping ~*~*~tactically~*~*~ (stealth).
  6664 | D:8      | 6664 ||| Stepping ~*~*~tactically~*~*~ (stealth).
  6704 | D:8      | 6704 ||| Stepping ~*~*~tactically~*~*~ (outnumbered).
  6705 | D:8      | 6705 ||| Stepping ~*~*~tactically~*~*~ (outnumbered).
  6706 | D:8      | 6706 ||| Stepping ~*~*~tactically~*~*~ (outnumbered).
  6977 | D:9      | 6977 ||| Stepping ~*~*~tactically~*~*~ (outnumbered).
  6979 | D:9      | 6979 ||| Stepping ~*~*~tactically~*~*~ (outnumbered).
  6981 | D:9      | 6981 ||| STAIRDANCE
  6991 | D:9      | 6991 ||| Stepping ~*~*~tactically~*~*~ (outnumbered).
  6993 | D:9      | 6993 ||| STAIRDANCE
  7013 | D:9      | 7013 ||| Stepping ~*~*~tactically~*~*~ (hiding).
  7030 | D:9      | Found a blossoming altar of Fedhas.
  7103 | D:9      | 7103 ||| INVOKING Fiery Armour.
  7114 | D:9      | Found a staircase to the Lair.
  7199 | D:9      | 7199 ||| Stepping ~*~*~tactically~*~*~ (outnumbered).
  7200 | D:9      | 7200 ||| Stepping ~*~*~tactically~*~*~ (outnumbered).
  7201 | D:9      | 7201 ||| Stepping ~*~*~tactically~*~*~ (outnumbered).
  7219 | D:9      | Reached skill level 6 in Shields
  7307 | D:9      | Identified the +11 war axe "Soffeuxt" {protect, Str+2}
  7412 | D:9      | Identified the +7 sling of Butchery {venom, rElec rF- Int-2
                  | Dex+7}
  7491 | D:9      | Found a hide-covered altar of Uskayaw.
  7521 | D:9      | Found a runed translucent gate.
  7521 | D:9      | Found a runed translucent gate.
  7522 | D:9      | Found a runed translucent gate.
  7522 | D:9      | Noticed a nine-headed hydra
  7523 | D:9      | Noticed qw's ghost (novice TrCA)
  7523 | D:9      | Noticed an 11-headed hydra
  7527 | D:9      | 7527 ||| READING scroll labelled NON HEUREM BOU.
  7528 | D:9      | 7528 ||| PLANNING LAIR
  7575 | Lair:1   | Entered Level 1 of the Lair of Beasts
  7585 | Lair:1   | Noticed a cane toad
  7600 | Lair:1   | Killed a cane toad
  7625 | Lair:1   | Noticed a black mamba
  7642 | Lair:1   | 7642 ||| INVOKING Fiery Armour.
  7644 | Lair:1   | Killed a black mamba
  7705 | Lair:1   | 7705 ||| Stepping ~*~*~tactically~*~*~ (hiding).
  7707 | Lair:1   | 7707 ||| Stepping ~*~*~tactically~*~*~ (hiding).
  7782 | Lair:1   | Noticed an oklob plant
  7783 | Lair:1   | 7783 ||| INVOKING Fiery Armour.
  7799 | Lair:1   | Noticed a cane toad
  7811 | Lair:1   | Killed a cane toad
  7907 | Lair:1   | Noticed Gastronok
  7915 | Lair:1   | 7915 ||| Stepping ~*~*~tactically~*~*~ (hiding).
  7928 | Lair:1   | Killed Gastronok
  7929 | Lair:1   | Reached XP level 11. HP: 68/101 MP: 11/11
  7983 | Lair:1   | Noticed a six-headed hydra
  7984 | Lair:1   | 7984 ||| INVOKING Fiery Armour.
  7988 | Lair:1   | Killed a seven-headed hydra
  7989 | Lair:1   | Reached skill level 9 in Shields
  8145 | Lair:1   | 8145 ||| DRINKING potion of cancellation.
  8229 | Lair:1   | 8229 ||| Stepping ~*~*~tactically~*~*~ (stealth).
  8231 | Lair:1   | 8231 ||| INVOKING Fiery Armour.
  8271 | Lair:1   | Found a frozen archway.
  8272 | Lair:1   | 8272 ||| PLANNING CONVERSION TO OKAWARU
  8360 | D:7      | Fell from the grace of Ignis
  8360 | D:7      | Became a worshipper of Warmaster Okawaru
  8361 | D:7      | 8361 ||| PLANNING LAIR
  8361 | D:7      | 8361 ||| UPGRADING to +2 hat of intelligence.
  8366 | D:7      | 8366 ||| READING 3 scrolls of identify.
  8366 | D:7      | 8366 ||| IDENTIFYING viscous silvery potion
  8367 | D:7      | 8367 ||| READING 2 scrolls of identify.
  8367 | D:7      | 8367 ||| IDENTIFYING bubbling ruby potion
  8368 | D:7      | 8368 ||| DROPPING potion of ambrosia.
  8808 | Lair:1   | 8808 ||| READING 2 scrolls of identify.
  8808 | Lair:1   | 8808 ||| IDENTIFYING smoky white potion
  8809 | Lair:1   | 8809 ||| DROPPING potion of lignification.
  8963 | Lair:2   | Reached * piety under Okawaru
  8964 | Lair:2   | 8964 ||| INVOKING Heroism.
  9009 | Lair:2   | You fall into a shaft and drop 1 floor!
  9016 | Lair:3   | 9016 ||| INVOKING Heroism.
  9023 | Lair:3   | Reached skill level 1 in Invocations
  9054 | Lair:3   | Found a hole to the Spider Nest.
  9054 | Lair:3   | Noticed an orb spider
  9115 | Lair:3   | 9115 ||| Stepping ~*~*~tactically~*~*~ (stealth).
  9120 | Lair:3   | 9120 ||| INVOKING Heroism.
  9149 | Lair:3   | 9149 ||| INVOKING Heroism.
  9227 | Lair:3   | 9227 ||| INVOKING Heroism.
  9228 | Lair:3   | Noticed a bog body
  9241 | Lair:3   | Reached skill level 13 in Unarmed Combat
  9241 | Lair:3   | Reached skill level 3 in Invocations
  9243 | Lair:3   | Killed a bog body
  9298 | Lair:3   | 9298 ||| INVOKING Heroism.
  9336 | Lair:3   | Noticed a bog body
  9337 | Lair:3   | 9337 ||| Stepping ~*~*~tactically~*~*~ (hiding).
  9340 | Lair:3   | 9340 ||| INVOKING Heroism.
  9341 | Lair:3   | 9341 ||| Stepping ~*~*~tactically~*~*~ (outnumbered).
  9349 | Lair:3   | Killed a bog body
  9385 | Lair:3   | 9385 ||| INVOKING Heroism.
  9447 | Lair:3   | Found a staircase to the Swamp.
  9507 | Lair:3   | 9507 ||| INVOKING Heroism.
  9525 | Lair:3   | Reached ** piety under Okawaru
  9597 | Lair:3   | 9597 ||| Stepping ~*~*~tactically~*~*~ (stealth).
  9667 | Lair:2   | 9667 ||| Stepping ~*~*~tactically~*~*~ (stealth).
  9674 | Lair:2   | 9674 ||| INVOKING Heroism.
  9692 | Lair:2   | Reached XP level 12. HP: 111/111 MP: 12/14
  9708 | Lair:2   | 9708 ||| INVOKING Heroism.
  9747 | Lair:2   | 9747 ||| Stepping ~*~*~tactically~*~*~ (hiding).
  9767 | Lair:2   | Noticed an eight-headed hydra
  9768 | Lair:2   | 9768 ||| INVOKING Heroism.
  9772 | Lair:2   | Killed an 11-headed hydra
  9861 | Lair:2   | Noticed a catoblepas
  9862 | Lair:2   | 9862 ||| Stepping ~*~*~tactically~*~*~ (hiding).
  9863 | Lair:2   | 9863 ||| INVOKING Heroism.
  9866 | Lair:2   | 9866 ||| Stepping ~*~*~tactically~*~*~ (cloud).
  9867 | Lair:2   | 9867 ||| Stepping ~*~*~tactically~*~*~ (cloud).
  9870 | Lair:2   | 9870 ||| Stepping ~*~*~tactically~*~*~ (cloud).
  9874 | Lair:2   | Killed a catoblepas
  9986 | Lair:2   | 9986 ||| INVOKING Heroism.
  9997 | Lair:2   | Reached *** piety under Okawaru
  9998 | Lair:2   | Reached skill level 14 in Unarmed Combat
 10051 | Lair:2   | 10051 ||| Stepping ~*~*~tactically~*~*~ (hiding).
 10057 | Lair:2   | 10057 ||| INVOKING Heroism.
 10059 | Lair:2   | 10059 ||| Stepping ~*~*~tactically~*~*~ (cloud).
 10173 | Lair:2   | You fall into a shaft and drop 2 floors!
 10182 | Lair:4   | Reached skill level 6 in Fighting
 10201 | Lair:4   | 10201 ||| DROPPING scarf of harm.
 10391 | Lair:2   | 10391 ||| Stepping ~*~*~tactically~*~*~ (stealth).
 10574 | Lair:2   | You fall into a shaft and drop 2 floors!
 10622 | Lair:3   | 10622 ||| Stepping ~*~*~tactically~*~*~ (hiding).
 10625 | Lair:3   | 10625 ||| INVOKING Heroism.
 10626 | Lair:3   | 10626 ||| Stepping randomly (cloudy).
 10713 | Lair:3   | 10713 ||| INVOKING Heroism.
 10761 | Lair:3   | 10761 ||| INVOKING Heroism.
 10860 | Lair:3   | Noticed a five-headed hydra
 10861 | Lair:3   | 10861 ||| INVOKING Heroism.
 10867 | Lair:3   | Killed an eight-headed hydra
 10921 | Lair:3   | 10921 ||| Stepping ~*~*~tactically~*~*~ (hiding).
 11058 | Lair:3   | 11058 ||| READING scroll of teleportation.
 11059 | Lair:3   | 11059 ||| FLEEEEING.
 11062 | Lair:3   | 11062 ||| FLEEEEING.
 11074 | Lair:3   | Noticed Urug
 11075 | Lair:3   | 11075 ||| INVOKING Heroism.
 11093 | Lair:3   | HP: 22/114 [Urug/+2 broad axe[Ignis] (12)]
 11094 | Lair:3   | 11094 ||| DRINKING potion of heal wounds.
 11095 | Lair:3   | Killed Urug
 11472 | Lair:4   | Reached **** piety under Okawaru
 11485 | Lair:4   | You fall into a shaft and drop 1 floor!
 11485 | Lair:5   | Entered Level 5 of the Lair of Beasts
 11485 | Lair:5   | Was forgiven by Ignis
 11486 | Lair:5   | 11486 ||| INVOKING Heroism.
 11490 | Lair:5   | 11490 ||| Stepping ~*~*~tactically~*~*~ (outnumbered).
 11491 | Lair:5   | 11491 ||| Stepping ~*~*~tactically~*~*~ (outnumbered).
 11492 | Lair:5   | 11492 ||| Stepping ~*~*~tactically~*~*~ (outnumbered).
 11493 | Lair:5   | 11493 ||| Stepping ~*~*~tactically~*~*~ (outnumbered).
 11503 | Lair:5   | 11503 ||| Stepping ~*~*~tactically~*~*~ (outnumbered).
 11504 | Lair:5   | 11504 ||| Stepping ~*~*~tactically~*~*~ (outnumbered).
 11505 | Lair:5   | 11505 ||| Stepping ~*~*~tactically~*~*~ (outnumbered).
 11511 | Lair:5   | Reached skill level 6 in Throwing
 11515 | Lair:5   | Received a gift from Okawaru
 11516 | Lair:5   | 11516 ||| INVOKING Heroism.
 11517 | Lair:5   | 11517 ||| Stepping ~*~*~tactically~*~*~ (outnumbered).
 11518 | Lair:5   | 11518 ||| Stepping ~*~*~tactically~*~*~ (outnumbered).
 11522 | Lair:5   | 11522 ||| Stepping ~*~*~tactically~*~*~ (outnumbered).
 11533 | Lair:5   | Reached skill level 15 in Unarmed Combat
 11577 | Lair:5   | 11577 ||| INVOKING Heroism.
 11605 | Lair:5   | 11605 ||| INVOKING Heroism.
 11732 | Lair:5   | 11732 ||| Stepping ~*~*~tactically~*~*~ (outnumbered).
 11745 | Lair:5   | 11745 ||| READING scroll of enchant armour.
 11745 | Lair:5   | 11745 ||| ENCHANTING +2 acid dragon scales.
 11772 | Lair:4   | 11772 ||| Stepping ~*~*~tactically~*~*~ (outnumbered).
 11836 | Lair:4   | 11836 ||| Stepping ~*~*~tactically~*~*~ (stealth).
 11838 | Lair:4   | 11838 ||| Stepping ~*~*~tactically~*~*~ (stealth).
 11842 | Lair:4   | 11842 ||| INVOKING Heroism.
 11844 | Lair:4   | 11844 ||| Stepping ~*~*~tactically~*~*~ (outnumbered).
 11982 | Lair:4   | Identified the +4 spear "Magastrev" {flame, +Blink Will-
                  | Str+5}
 12179 | Lair:4   | 12179 ||| INVOKING Heroism.
 12191 | Lair:4   | Reached XP level 13. HP: 119/120 MP: 13/15
 12241 | Lair:4   | Found a viscous altar of Jiyva.
 12242 | Lair:4   | Found a staircase to the Slime Pits.
 12486 | Lair:4   | 12486 ||| Stepping ~*~*~tactically~*~*~ (stealth).
 12488 | Lair:4   | 12488 ||| Stepping ~*~*~tactically~*~*~ (stealth).
 12489 | Lair:4   | 12489 ||| INVOKING Heroism.
 12499 | Lair:4   | 12499 ||| Stepping ~*~*~tactically~*~*~ (outnumbered).
 12500 | Lair:4   | 12500 ||| Stepping ~*~*~tactically~*~*~ (outnumbered).
 12501 | Lair:4   | 12501 ||| Stepping ~*~*~tactically~*~*~ (outnumbered).
 12502 | Lair:4   | 12502 ||| Stepping ~*~*~tactically~*~*~ (outnumbered).
 12503 | Lair:4   | 12503 ||| Stepping ~*~*~tactically~*~*~ (outnumbered).
 12504 | Lair:4   | 12504 ||| Stepping ~*~*~tactically~*~*~ (outnumbered).
 12505 | Lair:4   | 12505 ||| Stepping ~*~*~tactically~*~*~ (outnumbered).
 12508 | Lair:4   | 12508 ||| Stepping ~*~*~tactically~*~*~ (outnumbered).
 12595 | Lair:4   | 12595 ||| DRINKING 2 blue potions.
 12700 | Lair:4   | 12700 ||| DROPPING potion of berserk rage.
 12734 | Lair:5   | 12734 ||| INVOKING Heroism.
 12750 | Lair:5   | 12750 ||| STAIRDANCE
 12792 | Lair:5   | 12792 ||| INVOKING Heroism.
 12797 | Lair:5   | 12797 ||| STAIRDANCE
 12803 | Lair:4   | HP: 28/120 [seven-headed hydra (5)]
 12804 | Lair:4   | 12804 ||| DRINKING potion of heal wounds.
 12807 | Lair:4   | Reached skill level 6 in Invocations
 12893 | Lair:5   | 12893 ||| STAIRDANCE
 12902 | Lair:4   | Reached ***** piety under Okawaru
 12919 | Lair:5   | 12919 ||| STAIRDANCE
 12930 | Lair:5   | 12930 ||| STAIRDANCE
 12958 | Lair:5   | 12958 ||| STAIRDANCE
 13010 | Lair:5   | 13010 ||| INVOKING Heroism.
 13138 | Lair:5   | 13138 ||| INVOKING Heroism.
 13139 | Lair:5   | 13139 ||| INVOKING Finesse.
 13209 | Lair:5   | 13209 ||| INVOKING Heroism.
 13216 | Lair:5   | 13216 ||| Stepping ~*~*~tactically~*~*~ (stealth).
 13234 | Lair:5   | 13234 ||| Stepping ~*~*~tactically~*~*~ (stealth).
 13235 | Lair:5   | 13235 ||| Stepping ~*~*~tactically~*~*~ (stealth).
 13292 | Lair:5   | 13292 ||| Stepping ~*~*~tactically~*~*~ (hiding).
 13293 | Lair:5   | 13293 ||| Stepping ~*~*~tactically~*~*~ (hiding).
 13296 | Lair:5   | 13296 ||| INVOKING Heroism.
 13297 | Lair:5   | 13297 ||| INVOKING Finesse.
 13314 | Lair:5   | 13314 ||| FLEEEEING.
 13315 | Lair:5   | 13315 ||| FLEEEEING.
 13316 | Lair:5   | 13316 ||| FLEEEEING.
 13317 | Lair:5   | 13317 ||| FLEEEEING.
 13374 | Lair:5   | 13374 ||| INVOKING Heroism.
 13765 | Lair:5   | 13765 ||| Stepping ~*~*~tactically~*~*~ (hiding).
 13770 | Lair:5   | Received a gift from Okawaru
 13883 | Lair:5   | 13883 ||| INVOKING Heroism.
 13884 | Lair:5   | 13884 ||| INVOKING Finesse.
 13946 | Lair:5   | 13946 ||| INVOKING Heroism.
 14190 | Lair:5   | 14190 ||| Stepping ~*~*~tactically~*~*~ (hiding).
 14193 | Lair:5   | 14193 ||| INVOKING Heroism.
 14194 | Lair:5   | 14194 ||| INVOKING Finesse.
 14203 | Lair:5   | Received a gift from Okawaru
 14268 | Lair:5   | 14268 ||| FLEEEEING.
 14273 | Lair:5   | 14273 ||| FLEEEEING.
 14274 | Lair:5   | 14274 ||| FLEEEEING.
 14302 | Lair:5   | 14302 ||| INVOKING Heroism.
 14303 | Lair:5   | 14303 ||| INVOKING Finesse.
 14309 | Lair:5   | Reached skill level 16 in Unarmed Combat
 14324 | Lair:5   | Identified the +0 robe "Hoxophoj" {*Slow rPois Int+4}
                  | (Okawaru gifted it to you on level 5 of the Lair of Beasts)
 14324 | Lair:5   | Received a gift from Okawaru
 14351 | Lair:5   | 14351 ||| Stepping ~*~*~tactically~*~*~ (outnumbered).
 14352 | Lair:5   | 14352 ||| Stepping ~*~*~tactically~*~*~ (outnumbered).
 14390 | Lair:5   | Found a burning altar of Makhleb.
 14396 | Lair:5   | Found a gateway to Hell.
 14567 | Lair:5   | 14567 ||| PLANNING D:1-11
 14567 | Lair:5   | 14567 ||| DROPPING +0 robe "Hoxophoj" {*Slow rPois Int+4}.
 14568 | Lair:5   | 14568 ||| DROPPING +6 ring of intelligence.
 14569 | Lair:5   | 14569 ||| READING scroll labelled SYSTRI GADWYNI.
 14570 | Lair:5   | 14570 ||| READING 2 scrolls of identify.
 14570 | Lair:5   | 14570 ||| IDENTIFYING amethyst potion
 14571 | Lair:5   | 14571 ||| DRINKING potion of experience.
 14571 | Lair:5   | Reached skill level 9 in Invocations
 14571 | Lair:5   | Reached XP level 14. HP: 133/133 MP: 19/19
 14717 | D:10     | 14717 ||| Stepping ~*~*~tactically~*~*~ (hiding).
 14982 | D:10     | 14982 ||| Stepping ~*~*~tactically~*~*~ (stealth).
 15142 | D:10     | 15142 ||| DROPPING ring of resist corrosion.
 15143 | D:10     | 15143 ||| DROPPING ring of flight.
 15144 | D:10     | 15144 ||| READING scroll labelled UMEOBLU KANWUJO.
 15233 | D:11     | 15233 ||| STAIRDANCE
 15314 | D:11     | 15314 ||| Stepping ~*~*~tactically~*~*~ (outnumbered).
 15315 | D:11     | 15315 ||| Stepping ~*~*~tactically~*~*~ (outnumbered).
 15367 | D:11     | Found a staircase to the Orcish Mines.
 15429 | D:11     | Found Timoedgh's Neck Hole.
 15435 | D:11     | 15435 ||| BUYING +0 cloak (54 gold).
 15435 | D:11     | Bought a +0 cloak for 54 gold pieces
 15435 | D:11     | 15435 ||| BUYING amulet "Plog" {Spirit Will- MP+9 Dex+2}
                  | (670 gold).
 15435 | D:11     | Bought the amulet "Plog" {Spirit Will- MP+9 Dex+2} for 670
                  | gold pieces
 15435 | D:11     | 15435 ||| BUYING amulet of reflection (360 gold).
 15435 | D:11     | Bought an amulet of reflection for 360 gold pieces
 15541 | D:11     | 15541 ||| Stepping ~*~*~tactically~*~*~ (outnumbered).
 15543 | D:11     | 15543 ||| INVOKING Heroism.
 15544 | D:11     | 15544 ||| Stepping ~*~*~tactically~*~*~ (outnumbered).
 15545 | D:11     | 15545 ||| Stepping ~*~*~tactically~*~*~ (stealth).
 15655 | D:11     | 15655 ||| INVOKING Heroism.
 15696 | D:11     | 15696 ||| INVOKING Heroism.
 15700 | D:11     | 15700 ||| INVOKING Finesse.
 15701 | D:11     | 15701 ||| Stepping ~*~*~tactically~*~*~ (outnumbered).
 15719 | D:11     | Reached XP level 15. HP: 140/140 MP: 14/21
 15948 | D:11     | 15948 ||| PLANNING D
 15948 | D:11     | 15948 ||| UPGRADING to +0 cloak.
 15953 | D:11     | 15953 ||| DROPPING amulet "Plog" {Spirit Will- MP+9 Dex+2}.
 15954 | D:11     | 15954 ||| UPGRADING to amulet of reflection.
 15959 | D:11     | 15959 ||| READING scroll labelled LIRIYDD XISA.
 15959 | D:11     | Identified a scroll of acquirement
 15959 | D:11     | 15959 ||| ACQUIRING ring "Iriapt" {Wiz rC+ rCorr Slay+3}
 15959 | D:11     | Acquired the ring "Iriapt" {Wiz rC+ rCorr Slay+3}
 15961 | D:11     | 15961 ||| DROPPING ring of protection from cold.
 15962 | D:11     | 15962 ||| DROPPING +6 ring of dexterity.
 16013 | D:12     | Noticed Lodul
 16014 | D:12     | 16014 ||| Stepping ~*~*~tactically~*~*~ (hiding).
 16015 | D:12     | 16015 ||| Stepping ~*~*~tactically~*~*~ (hiding).
 16019 | D:12     | 16019 ||| INVOKING Heroism.
 16023 | D:12     | Killed Lodul
 16289 | D:12     | 16289 ||| Stepping ~*~*~tactically~*~*~ (stealth).
 16290 | D:12     | 16290 ||| Stepping ~*~*~tactically~*~*~ (stealth).
 16294 | D:12     | 16294 ||| Stepping ~*~*~tactically~*~*~ (stealth).
 16423 | D:12     | Noticed Josephine
 16425 | D:12     | 16425 ||| INVOKING Heroism.
 16429 | D:12     | 16429 ||| Stepping ~*~*~tactically~*~*~ (outnumbered).
 16433 | D:12     | Killed Josephine
 16435 | D:12     | 16435 ||| Stepping ~*~*~tactically~*~*~ (outnumbered).
 16436 | D:12     | 16436 ||| Stepping ~*~*~tactically~*~*~ (outnumbered).
 16437 | D:12     | 16437 ||| Stepping ~*~*~tactically~*~*~ (outnumbered).
 16592 | D:12     | 16592 ||| READING 2 scrolls of identify.
 16592 | D:12     | 16592 ||| IDENTIFYING sedimented ruby potion
 16593 | D:12     | 16593 ||| DROPPING potion of brilliance.
 16607 | D:13     | 16607 ||| Stepping ~*~*~tactically~*~*~ (stealth).
 16609 | D:13     | 16609 ||| Stepping ~*~*~tactically~*~*~ (hiding).
 16615 | D:13     | 16615 ||| INVOKING Heroism.
 16730 | D:13     | 16730 ||| Stepping ~*~*~tactically~*~*~ (outnumbered).
 16731 | D:13     | 16731 ||| Stepping ~*~*~tactically~*~*~ (outnumbered).
 16732 | D:13     | 16732 ||| Stepping ~*~*~tactically~*~*~ (outnumbered).
 16733 | D:13     | 16733 ||| Stepping ~*~*~tactically~*~*~ (outnumbered).
 16736 | D:13     | 16736 ||| Stepping ~*~*~tactically~*~*~ (outnumbered).
 16737 | D:13     | 16737 ||| Stepping ~*~*~tactically~*~*~ (outnumbered).
 16740 | D:13     | 16740 ||| Stepping ~*~*~tactically~*~*~ (outnumbered).
 16741 | D:13     | 16741 ||| Stepping ~*~*~tactically~*~*~ (outnumbered).
 16745 | D:13     | 16745 ||| Stepping ~*~*~tactically~*~*~ (outnumbered).
 16746 | D:13     | 16746 ||| Stepping ~*~*~tactically~*~*~ (outnumbered).
 16748 | D:13     | 16748 ||| Stepping ~*~*~tactically~*~*~ (outnumbered).
 16749 | D:13     | 16749 ||| Stepping ~*~*~tactically~*~*~ (outnumbered).
 16750 | D:13     | 16750 ||| Stepping ~*~*~tactically~*~*~ (outnumbered).
 16755 | D:13     | 16755 ||| Stepping ~*~*~tactically~*~*~ (outnumbered).
 16757 | D:13     | 16757 ||| Stepping ~*~*~tactically~*~*~ (outnumbered).
 16758 | D:13     | 16758 ||| Stepping ~*~*~tactically~*~*~ (outnumbered).
 16759 | D:13     | 16759 ||| Stepping ~*~*~tactically~*~*~ (outnumbered).
 16760 | D:13     | 16760 ||| Stepping ~*~*~tactically~*~*~ (outnumbered).
 16764 | D:13     | Reached skill level 17 in Unarmed Combat
 16861 | D:13     | Identified the +4 cloak of Greed {*Corrode +Inv Int+9 SInv}
 16914 | D:13     | 16914 ||| INVOKING Heroism.
 16940 | D:13     | 16940 ||| Stepping ~*~*~tactically~*~*~ (stealth).
 16942 | D:13     | 16942 ||| Stepping ~*~*~tactically~*~*~ (stealth).
 16944 | D:13     | 16944 ||| Stepping ~*~*~tactically~*~*~ (stealth).
 16946 | D:13     | 16946 ||| Stepping ~*~*~tactically~*~*~ (stealth).
 16948 | D:13     | 16948 ||| Stepping ~*~*~tactically~*~*~ (stealth).
 16971 | D:13     | 16971 ||| Stepping ~*~*~tactically~*~*~ (stealth).
 16973 | D:13     | 16973 ||| Stepping ~*~*~tactically~*~*~ (stealth).
 16991 | D:13     | 16991 ||| Stepping ~*~*~tactically~*~*~ (stealth).
 16992 | D:13     | 16992 ||| Stepping ~*~*~tactically~*~*~ (stealth).
 17206 | D:13     | 17206 ||| INVOKING Heroism.
 17214 | D:13     | 17214 ||| Stepping ~*~*~tactically~*~*~ (outnumbered).
 17363 | D:13     | 17363 ||| INVOKING Heroism.
 17364 | D:13     | 17364 ||| INVOKING Finesse.
 17466 | D:13     | 17466 ||| INVOKING Heroism.
 17472 | D:13     | Received a gift from Okawaru
 17473 | D:13     | 17473 ||| Stepping ~*~*~tactically~*~*~ (hiding).
 17474 | D:13     | 17474 ||| Stepping ~*~*~tactically~*~*~ (hiding).
 17525 | D:13     | Found a gate to the Vaults.
 17531 | D:13     | 17531 ||| READING scroll of enchant armour.
 17531 | D:13     | 17531 ||| ENCHANTING +3 acid dragon scales.
 17836 | D:13     | 17836 ||| UPGRADING to +4 cloak of Greed {*Corrode +Inv
                  | Int+9 SInv}.
 17846 | D:13     | 17846 ||| DROPPING +0 cloak.
 17847 | D:13     | 17847 ||| DROPPING +2 robe of fire resistance.
 17848 | D:13     | 17848 ||| READING scroll labelled BIOMPE PUTUT.
 17849 | D:13     | 17849 ||| READING scroll labelled KIYCEBLEME.
 17906 | D:14     | 17906 ||| INVOKING Heroism.
 17982 | D:14     | 17982 ||| INVOKING Heroism.
 17983 | D:14     | 17983 ||| INVOKING Finesse.
 17984 | D:14     | 17984 ||| INVOKING Finesse.
 18056 | D:14     | Noticed Kirke
 18057 | D:14     | 18057 ||| INVOKING Heroism.
 18058 | D:14     | 18058 ||| INVOKING Finesse.
 18079 | D:14     | Killed Kirke
 18183 | D:14     | 18183 ||| Stepping ~*~*~tactically~*~*~ (hiding).
 18560 | D:14     | 18560 ||| INVOKING Heroism.
 18566 | D:14     | Reached skill level 18 in Unarmed Combat
 18720 | D:15     | Entered Level 15 of the Dungeon
 18776 | D:15     | 18776 ||| INVOKING Heroism.
 18781 | D:15     | 18781 ||| Stepping ~*~*~tactically~*~*~ (outnumbered).
 18782 | D:15     | 18782 ||| Stepping ~*~*~tactically~*~*~ (outnumbered).
 18785 | D:15     | 18785 ||| Stepping ~*~*~tactically~*~*~ (outnumbered).
 18787 | D:15     | 18787 ||| Stepping ~*~*~tactically~*~*~ (outnumbered).
 18838 | D:15     | 18838 ||| INVOKING Heroism.
 18857 | D:15     | 18857 ||| Stepping ~*~*~tactically~*~*~ (outnumbered).
 18860 | D:15     | Received a gift from Okawaru
 18899 | D:15     | Found Kalempur's Jewellery Shop.
 18912 | D:15     | 18912 ||| SHOPLISTING +4 ring of slaying (1170 gold, have
                  | 946).
 18912 | D:15     | 18912 ||| BUYING ring of fire (375 gold).
 18912 | D:15     | Bought a ring of fire for 375 gold pieces
 18912 | D:15     | 18912 ||| BUYING ring of poison resistance (300 gold).
 18912 | D:15     | Bought a ring of poison resistance for 300 gold pieces
 18912 | D:15     | 18912 ||| SHOPLISTING ring of protection from fire (375
                  | gold, have 271).
 18933 | D:15     | Found a staircase to the Depths.
 19063 | D:15     | 19063 ||| Stepping ~*~*~tactically~*~*~ (hiding).
 19065 | D:15     | 19065 ||| INVOKING Heroism.
 19066 | D:15     | 19066 ||| Stepping ~*~*~tactically~*~*~ (outnumbered).
 19067 | D:15     | 19067 ||| Stepping ~*~*~tactically~*~*~ (hiding).
 19068 | D:15     | 19068 ||| Stepping ~*~*~tactically~*~*~ (outnumbered).
 19069 | D:15     | 19069 ||| Stepping ~*~*~tactically~*~*~ (outnumbered).
 19070 | D:15     | 19070 ||| Stepping ~*~*~tactically~*~*~ (outnumbered).
 19073 | D:15     | 19073 ||| Stepping ~*~*~tactically~*~*~ (outnumbered).
 19074 | D:15     | Received a gift from Okawaru
 19075 | D:15     | Reached skill level 12 in Shields
 19109 | D:15     | 19109 ||| Stepping ~*~*~tactically~*~*~ (hiding).
 19110 | D:15     | Found a white marble altar of Elyvilon.
 19275 | D:15     | 19275 ||| Stepping ~*~*~tactically~*~*~ (stealth).
 19276 | D:15     | 19276 ||| Stepping ~*~*~tactically~*~*~ (stealth).
 19277 | D:15     | 19277 ||| Stepping ~*~*~tactically~*~*~ (stealth).
 19278 | D:15     | 19278 ||| Stepping ~*~*~tactically~*~*~ (stealth).
 19282 | D:15     | 19282 ||| INVOKING Heroism.
 19448 | D:15     | 19448 ||| PLANNING ORC
 19574 | Orc:1    | Entered Level 1 of the Orcish Mines
 19593 | Orc:1    | 19593 ||| Stepping ~*~*~tactically~*~*~ (stealth).
 19601 | Orc:1    | 19601 ||| Stepping ~*~*~tactically~*~*~ (outnumbered).
 19602 | Orc:1    | 19602 ||| INVOKING Heroism.
 19619 | Orc:1    | 19619 ||| Stepping ~*~*~tactically~*~*~ (hiding).
 19620 | Orc:1    | 19620 ||| Stepping ~*~*~tactically~*~*~ (hiding).
 19807 | Orc:1    | 19807 ||| INVOKING Heroism.
 19811 | Orc:1    | 19811 ||| Stepping ~*~*~tactically~*~*~ (outnumbered).
 19812 | Orc:1    | 19812 ||| Stepping ~*~*~tactically~*~*~ (outnumbered).
 19934 | Orc:2    | Entered Level 2 of the Orcish Mines
 19935 | Orc:2    | 19935 ||| Stepping ~*~*~tactically~*~*~ (hiding).
 19937 | Orc:2    | 19937 ||| Stepping ~*~*~tactically~*~*~ (hiding).
 19942 | Orc:2    | 19942 ||| INVOKING Heroism.
 19943 | Orc:2    | 19943 ||| Stepping ~*~*~tactically~*~*~ (outnumbered).
 19948 | Orc:2    | 19948 ||| Stepping ~*~*~tactically~*~*~ (outnumbered).
 19975 | Orc:2    | 19975 ||| Stepping ~*~*~tactically~*~*~ (outnumbered).
 19976 | Orc:2    | 19976 ||| Stepping ~*~*~tactically~*~*~ (outnumbered).
 19977 | Orc:2    | 19977 ||| INVOKING Heroism.
 19978 | Orc:2    | 19978 ||| Stepping ~*~*~tactically~*~*~ (outnumbered).
 19979 | Orc:2    | 19979 ||| Stepping ~*~*~tactically~*~*~ (outnumbered).
 19980 | Orc:2    | 19980 ||| Stepping ~*~*~tactically~*~*~ (outnumbered).
 19981 | Orc:2    | 19981 ||| Stepping ~*~*~tactically~*~*~ (outnumbered).
 19982 | Orc:2    | 19982 ||| Stepping ~*~*~tactically~*~*~ (outnumbered).
 19988 | Orc:2    | Identified the +1 robe of Brilliance {Int+4 SInv} (Okawaru
                  | gifted it to you on level 2 of the Orcish Mines)
 19988 | Orc:2    | Received a gift from Okawaru
 19991 | Orc:2    | 19991 ||| Stepping ~*~*~tactically~*~*~ (outnumbered).
 19992 | Orc:2    | 19992 ||| Stepping ~*~*~tactically~*~*~ (stealth).
 19993 | Orc:2    | 19993 ||| Stepping ~*~*~tactically~*~*~ (outnumbered).
 19994 | Orc:2    | 19994 ||| Stepping ~*~*~tactically~*~*~ (outnumbered).
 19995 | Orc:2    | 19995 ||| Stepping ~*~*~tactically~*~*~ (outnumbered).
 19995 | Orc:2    | Found a staircase to the Elven Halls.
 19997 | Orc:2    | 19997 ||| Stepping ~*~*~tactically~*~*~ (outnumbered).
 19998 | Orc:2    | 19998 ||| Stepping ~*~*~tactically~*~*~ (outnumbered).
 19999 | Orc:2    | 19999 ||| Stepping ~*~*~tactically~*~*~ (outnumbered).
 20000 | Orc:2    | 20000 ||| Stepping ~*~*~tactically~*~*~ (outnumbered).
 20001 | Orc:2    | 20001 ||| Stepping ~*~*~tactically~*~*~ (outnumbered).
 20002 | Orc:2    | 20002 ||| Stepping ~*~*~tactically~*~*~ (outnumbered).
 20003 | Orc:2    | 20003 ||| Stepping ~*~*~tactically~*~*~ (outnumbered).
 20004 | Orc:2    | 20004 ||| Stepping ~*~*~tactically~*~*~ (outnumbered).
 20005 | Orc:2    | 20005 ||| Stepping ~*~*~tactically~*~*~ (outnumbered).
 20006 | Orc:2    | 20006 ||| Stepping ~*~*~tactically~*~*~ (outnumbered).
 20007 | Orc:2    | 20007 ||| Stepping ~*~*~tactically~*~*~ (outnumbered).
 20011 | Orc:2    | 20011 ||| Stepping ~*~*~tactically~*~*~ (outnumbered).
 20012 | Orc:2    | 20012 ||| Stepping ~*~*~tactically~*~*~ (outnumbered).
 20015 | Orc:2    | 20015 ||| Stepping ~*~*~tactically~*~*~ (outnumbered).
 20017 | Orc:2    | 20017 ||| Stepping ~*~*~tactically~*~*~ (outnumbered).
 20018 | Orc:2    | 20018 ||| Stepping ~*~*~tactically~*~*~ (outnumbered).
 20018 | Orc:2    | Found Dofran's Armour Emporium.
 20019 | Orc:2    | 20019 ||| Stepping ~*~*~tactically~*~*~ (outnumbered).
 20020 | Orc:2    | 20020 ||| Stepping ~*~*~tactically~*~*~ (outnumbered).
 20021 | Orc:2    | 20021 ||| Stepping ~*~*~tactically~*~*~ (outnumbered).
 20022 | Orc:2    | 20022 ||| Stepping ~*~*~tactically~*~*~ (outnumbered).
 20023 | Orc:2    | 20023 ||| Stepping ~*~*~tactically~*~*~ (outnumbered).
 20024 | Orc:2    | 20024 ||| Stepping ~*~*~tactically~*~*~ (outnumbered).
 20025 | Orc:2    | 20025 ||| Stepping ~*~*~tactically~*~*~ (outnumbered).
 20026 | Orc:2    | 20026 ||| Stepping ~*~*~tactically~*~*~ (outnumbered).
 20027 | Orc:2    | 20027 ||| INVOKING Heroism.
 20028 | Orc:2    | 20028 ||| Stepping ~*~*~tactically~*~*~ (outnumbered).
 20031 | Orc:2    | 20031 ||| Stepping ~*~*~tactically~*~*~ (outnumbered).
 20033 | Orc:2    | 20033 ||| INVOKING Finesse.
 20034 | Orc:2    | 20034 ||| Stepping ~*~*~tactically~*~*~ (outnumbered).
 20062 | Orc:2    | 20062 ||| Stepping ~*~*~tactically~*~*~ (outnumbered).
 20068 | Orc:2    | 20068 ||| Stepping ~*~*~tactically~*~*~ (outnumbered).
 20072 | Orc:2    | 20072 ||| Stepping ~*~*~tactically~*~*~ (outnumbered).
 20075 | Orc:2    | 20075 ||| Stepping ~*~*~tactically~*~*~ (outnumbered).
 20079 | Orc:2    | 20079 ||| Stepping ~*~*~tactically~*~*~ (outnumbered).
 20088 | Orc:2    | 20088 ||| INVOKING Heroism.
 20089 | Orc:2    | 20089 ||| Stepping ~*~*~tactically~*~*~ (outnumbered).
 20108 | Orc:2    | 20108 ||| Stepping ~*~*~tactically~*~*~ (outnumbered).
 20116 | Orc:2    | 20116 ||| Stepping ~*~*~tactically~*~*~ (outnumbered).
 20121 | Orc:2    | 20121 ||| Stepping ~*~*~tactically~*~*~ (outnumbered).
 20122 | Orc:2    | 20122 ||| INVOKING Finesse.
 20125 | Orc:2    | Reached XP level 16. HP: 109/152 MP: 16/22
 20126 | Orc:2    | 20126 ||| Stepping ~*~*~tactically~*~*~ (outnumbered).
 20139 | Orc:2    | 20139 ||| Stepping ~*~*~tactically~*~*~ (outnumbered).
 20154 | Orc:2    | HP: 28/152 [cyclops (18)]
 20155 | Orc:2    | 20155 ||| READING 2 scrolls of teleportation.
 20156 | Orc:2    | 20156 ||| DRINKING 2 potions of heal wounds.
 20157 | Orc:2    | 20157 ||| Stepping ~*~*~tactically~*~*~ (outnumbered).
 20229 | Orc:2    | 20229 ||| Stepping ~*~*~tactically~*~*~ (stealth).
 20241 | Orc:2    | 20241 ||| Stepping ~*~*~tactically~*~*~ (hiding).
 20247 | Orc:2    | 20247 ||| Stepping ~*~*~tactically~*~*~ (hiding).
 20249 | Orc:2    | 20249 ||| INVOKING Heroism.
 20254 | Orc:2    | 20254 ||| Stepping ~*~*~tactically~*~*~ (outnumbered).
 20268 | Orc:2    | 20268 ||| Stepping ~*~*~tactically~*~*~ (outnumbered).
 20269 | Orc:2    | 20269 ||| Stepping ~*~*~tactically~*~*~ (outnumbered).
 20270 | Orc:2    | 20270 ||| Stepping ~*~*~tactically~*~*~ (outnumbered).
 20271 | Orc:2    | 20271 ||| Stepping ~*~*~tactically~*~*~ (outnumbered).
 20272 | Orc:2    | 20272 ||| Stepping ~*~*~tactically~*~*~ (outnumbered).
 20273 | Orc:2    | 20273 ||| Stepping ~*~*~tactically~*~*~ (outnumbered).
 20274 | Orc:2    | 20274 ||| Stepping ~*~*~tactically~*~*~ (hiding).
 20276 | Orc:2    | 20276 ||| Stepping ~*~*~tactically~*~*~ (outnumbered).
 20282 | Orc:2    | 20282 ||| Stepping ~*~*~tactically~*~*~ (outnumbered).
 20283 | Orc:2    | 20283 ||| Stepping ~*~*~tactically~*~*~ (outnumbered).
 20284 | Orc:2    | 20284 ||| Stepping ~*~*~tactically~*~*~ (outnumbered).
 20289 | Orc:2    | 20289 ||| INVOKING Heroism.
 20432 | Orc:2    | 20432 ||| Stepping ~*~*~tactically~*~*~ (stealth).
 20434 | Orc:2    | 20434 ||| INVOKING Heroism.
 20532 | Orc:2    | 20532 ||| Stepping ~*~*~tactically~*~*~ (stealth).
 20533 | Orc:2    | 20533 ||| Stepping ~*~*~tactically~*~*~ (stealth).
 20535 | Orc:2    | 20535 ||| Stepping ~*~*~tactically~*~*~ (hiding).
 20548 | Orc:2    | 20548 ||| Stepping ~*~*~tactically~*~*~ (stealth).
 20552 | Orc:2    | 20552 ||| INVOKING Heroism.
 20567 | Orc:2    | Found Bumpel's Antique Armour Boutique.
 20567 | Orc:2    | Found Jykoq's Assorted Antiques.
 20638 | Orc:2    | Found Rykh's Antique Armour Emporium.
 20638 | Orc:2    | Found Odam Kia's Weapon Emporium.
 20645 | Orc:2    | 20645 ||| BUYING fading cloak (247 gold).
 20645 | Orc:2    | Bought a fading cloak for 247 gold pieces
 20645 | Orc:2    | Identified the +2 cloak of Protective Custody {rCorr Str+6
                  | Int-3} (You bought it in a shop on level 2 of the Orcish
                  | Mines)
 20645 | Orc:2    | 20645 ||| SHOPLISTING glowing pearl dragon scales (2654
                  | gold, have 1051).
 20645 | Orc:2    | 20645 ||| BUYING runed cloak (195 gold).
 20645 | Orc:2    | Bought a runed cloak for 195 gold pieces
 20648 | Orc:2    | 20648 ||| SHOPLISTING ichor-stained swamp dragon scales
                  | (1485 gold, have 856).
 20658 | Orc:2    | 20658 ||| BUYING potion of curing (69 gold).
 20658 | Orc:2    | Bought a potion of curing for 69 gold pieces
 20658 | Orc:2    | 20658 ||| BUYING scroll of enchant weapon (172 gold).
 20658 | Orc:2    | Bought a scroll of enchant weapon for 172 gold pieces
 20780 | Orc:2    | 20780 ||| Stepping ~*~*~tactically~*~*~ (hiding).
 20781 | Orc:2    | 20781 ||| INVOKING Heroism.
 20785 | Orc:2    | 20785 ||| INVOKING Finesse.
 20976 | Orc:2    | 20976 ||| UPGRADING to +2 cloak of Protective Custody
                  | {rCorr Str+6 Int-3}.
 20986 | Orc:2    | 20986 ||| UPGRADING to +0 fire dragon scales.
 20996 | Orc:2    | 20996 ||| DROPPING +1 cloak.
 20997 | Orc:2    | 20997 ||| UPGRADING to ring "Iriapt" {Wiz rC+ rCorr
                  | Slay+3}.
 21066 | Orc:1    | 21066 ||| INVOKING Heroism.
 21072 | Orc:1    | 21072 ||| Stepping ~*~*~tactically~*~*~ (outnumbered).
 21073 | Orc:1    | 21073 ||| Stepping ~*~*~tactically~*~*~ (outnumbered).
 21074 | Orc:1    | 21074 ||| Stepping ~*~*~tactically~*~*~ (outnumbered).
 21077 | Orc:1    | 21077 ||| Stepping ~*~*~tactically~*~*~ (outnumbered).
 21078 | Orc:1    | 21078 ||| Stepping ~*~*~tactically~*~*~ (outnumbered).
 21079 | Orc:1    | 21079 ||| Stepping ~*~*~tactically~*~*~ (outnumbered).
 21083 | Orc:1    | 21083 ||| Stepping ~*~*~tactically~*~*~ (outnumbered).
 21124 | Orc:1    | 21124 ||| Stepping ~*~*~tactically~*~*~ (hiding).
 21229 | Orc:1    | 21229 ||| PLANNING SPIDER:1-3
 21390 | Lair:3   | 21390 ||| FLEEEEING.
 21391 | Lair:3   | 21391 ||| FLEEEEING.
 21392 | Lair:3   | 21392 ||| FLEEEEING.
 21393 | Lair:3   | 21393 ||| FLEEEEING.
 21396 | Lair:3   | 21396 ||| FLEEEEING.
 21463 | Spider:1 | Entered Level 1 of the Spider Nest
 21495 | Spider:1 | 21495 ||| Stepping ~*~*~tactically~*~*~ (hiding).
 21498 | Spider:1 | 21498 ||| INVOKING Heroism.
 21500 | Spider:1 | 21500 ||| Stepping ~*~*~tactically~*~*~ (outnumbered).
 21513 | Spider:1 | 21513 ||| Stepping ~*~*~tactically~*~*~ (outnumbered).
 21637 | Spider:1 | 21637 ||| Stepping ~*~*~tactically~*~*~ (stealth).
 21690 | Spider:1 | 21690 ||| INVOKING Heroism.
 21692 | Spider:1 | 21692 ||| Stepping ~*~*~tactically~*~*~ (outnumbered).
 21695 | Spider:1 | 21695 ||| Stepping ~*~*~tactically~*~*~ (outnumbered).
 21697 | Spider:1 | 21697 ||| Stepping ~*~*~tactically~*~*~ (outnumbered).
 21707 | Spider:1 | HP: 35/152 [culicivora (7)]
 21708 | Spider:1 | 21708 ||| READING 2 scrolls of teleportation.
 21708 | Spider:1 | HP: 14/152 [redback (4)]
 21708 | Spider:1 | HP: 5/152 [wolf spider (9)]
 21709 | Spider:1 | 21709 ||| DRINKING potion of heal wounds.
 21709 | Spider:1 | Mangled by a culicivora

Levels and vault maps discovered:
D:1:      minmay_arrival_doors, layout_basic
D:2:      layout_basic, minmay_crystal_room
D:3:      minmay_wonky_spiral, layout_basic, ashenzari_altar_1,
          mainiacjoe_overflow_paths, shapermc_ecumenical_altar_mp_ritualfount
D:4:      layout_cave_pods, general_overflow_altar
D:5:      layout_cave_pods, minmay_temple_entry_grid, serial_rivers,
          chequers_serial_rivers_room_b, chequers_serial_rivers_micro_a,
          chequers_serial_rivers_large_a, chequers_serial_rivers_room_b,
          uniq_sigmund, uniq_prince_ribbit1
D:6:      layout_gridville
D:7:      layout_rooms, minitemple, enter_bailey_5, uniq_maggie
D:8:      layout_loops_ring, kennysheep_mini_moat
D:9:      layout_basic, mainiacjoe_overflow_concentric_impassable,
          mainiacjoe_overflow_alcove_4, erik_lair_island,
          gammafunk_ghost_hydra_chop, serial_shops, shop_coins
D:10:     layout_cave_pools, serial_column_ruins, column_ruins_square_medium,
          column_ruins_open_tiny, column_ruins_columns_straight,
          column_ruins_columns_corner, column_ruins_grid_1, column_ruins_grid_3,
          column_ruins_corridor_corner
D:11:     layout_roguey, orc_0_dummy, nicolae_shop_sticking_my_neck_out
D:12:     layout_loops_cross, uniq_lodul, uniq_josephine
D:13:     minmay_open_boxes_in_corner, layout_stronghold, david_vaults_4
D:14:     layout_small_grid, minmay_misc_feat_hallway, dk_noncrumbling_4,
          uniq_kirke
D:15:     hangedman_depths_entry_civil_slaughter, layout_basic,
          nicolae_elyvilon_peaceful_grove, serial_shops, shop_coins,
          serial_park_tiny_1
Lair:1:   minmay_lair_oklob_chamber, layout_loops_ring,
          portal_ice_cave_entry_pillars_1, serial_bayou_shore_a, uniq_gastronok
Lair:2:   layout_roguey, grunt_megastairs_3
Lair:3:   layout_regular_city, nicolae_swamp_entry_splash_gauntlet,
          nicolae_spider_entry_orb_guardian, infiniplex_staircase_pool,
          grunt_megastairs_2, uniq_urug
Lair:4:   layout_cave_pods, slime_entry_1, grunt_forest_small_clearings
Lair:5:   evil_forest, layout_layer_cave
Spider:1: layout_spider_delve, uniq_donald, uniq_frances
Orc:1:    layout_caves, kennysheep_orc_chapel
Orc:2:    st_orc_elflike, layout_caves, serial_shops,
          nicolae_shop_window_shopping, mines4_lemuel

Skill      XL: |  1  2  3  4  5  6  7  8  9 10 11 12 13 14 15 16 |
---------------+-------------------------------------------------+-----
Unarmed Combat | 4 5 7 8 9 12 13 15 16 18 | 18.8
Fighting       | 3 4 5 6 7 8 |  8.0
Throwing       | 2 3 4 5 6 8 |  8.0
Armour         | 3 5 |  5.0
Dodging        | 2 |  2.2
Shields        | 8 10 11 12 | 12.0
Invocations    | 4 9 10 | 10.0
Spellcasting   | |  1.0
Fire Magic     | |  2.1

Action                   |  1- 3 |  4- 6 |  7- 9 | 10-12 | 13-15 | 16-18 || total
-------------------------+-------+-------+-------+-------+-------+-------++-------
Melee: Unarmed           |   112 |    47 |   135 |   748 |   910 |   206 ||  2158
       Punch             |     3 |       |     6 |       |       |       ||     9
Throw: Boomerang         |       |    34 |     5 |    16 |       |       ||    55
       Large rock        |       |       |    19 |    58 |    85 |    10 ||   172
       Javelin           |       |       |       |     4 |     1 |       ||     5
Invok: Fiery Armour      |       |     4 |     3 |     6 |       |       ||    13
       Heroism           |       |       |       |    25 |    36 |     8 ||    69
       Finesse           |       |       |       |       |    11 |     1 ||    12
  Use: Scroll            |     5 |     3 |     4 |     8 |     8 |     2 ||    30
       Potion            |       |     1 |     3 |     5 |     3 |     2 ||    14
 Stab: Distracted        |       |       |       |       |     1 |       ||     1
Armor: Robe              |    28 |    17 |    12 |       |       |       ||    57
       Steam dragon scal |       |       |    27 |       |       |       ||    27
       Acid dragon scale |       |       |    31 |   404 |   340 |    16 ||   791
       Fire dragon scale |       |       |       |       |       |    23 ||    23
Dodge: Dodged            |    46 |    11 |    58 |   229 |   180 |    33 ||   557
Block: Kite shield       |       |       |       |   470 |   605 |   161 ||  1236
       Reflection        |       |       |       |       |    24 |    12 ||    36

Table legend:
 A = Non-vault XP
 B = Vault XP
 C = Vault XP percentage of total XP
 D = Non-vault monster count
 E = Vault monster count
 F = Vault count percentage of total count
                 A         B        C        D         E       F
            +---------+---------+-------+---------+---------+-------
      Total |   88084 |   45031 |  33.8 |     464 |     134 |  22.4
            +---------+---------+-------+---------+---------+-------
        D:1 |      48 |       0 |   0.0 |      27 |       0 |   0.0
        D:2 |      21 |       0 |   0.0 |       9 |       0 |   0.0
        D:3 |      33 |       4 |  10.8 |       9 |       2 |  18.2
        D:4 |      78 |       0 |   0.0 |      12 |       0 |   0.0
        D:5 |     305 |     509 |  62.5 |      12 |       2 |  14.3
        D:6 |     733 |       0 |   0.0 |      13 |       0 |   0.0
        D:7 |     816 |     405 |  33.2 |      21 |       5 |  19.2
        D:8 |    2280 |       0 |   0.0 |      29 |       0 |   0.0
        D:9 |     726 |     847 |  53.8 |      17 |       7 |  29.2
       D:10 |    2711 |       0 |   0.0 |      20 |       0 |   0.0
       D:11 |    6364 |       0 |   0.0 |      27 |       0 |   0.0
       D:12 |    4136 |    3311 |  44.5 |      13 |      13 |  50.0
       D:13 |    8701 |    6446 |  42.6 |      21 |      10 |  32.3
       D:14 |    4427 |    2463 |  35.7 |       8 |       6 |  42.9
       D:15 |    8738 |    3810 |  30.4 |      21 |       6 |  22.2
     Lair:1 |    4080 |    1518 |  27.1 |      15 |       1 |   6.2
     Lair:2 |    8466 |     327 |   3.7 |      33 |       1 |   2.9
     Lair:3 |    4290 |    4953 |  53.6 |      17 |      12 |  41.4
     Lair:4 |    9341 |       0 |   0.0 |      33 |       0 |   0.0
     Lair:5 |    8463 |   10514 |  55.4 |      28 |      25 |  47.2
   Spider:1 |    7825 |       0 |   0.0 |      18 |       0 |   0.0
      Orc:1 |    2917 |    1113 |  27.6 |      22 |       7 |  24.1
      Orc:2 |    2585 |    8811 |  77.3 |      39 |      37 |  48.7
            +---------+---------+-------+---------+---------+-------
